Map: Eternal Empire LE

Players

ReaLiTy

  • Race: Protoss Protoss
  • League: Master
  • Spawn Location: 7:00

kirby - Winner!

  • Race: Terran Terran
  • League: Master
  • Spawn Location: 1:00

VOD

Have the link to the VOD?

Description

tvp all in

Time

  • Played on: Jan. 10, 2020, 6:41 p.m.
  • Length: 5:29
Show
View Real Time Build Order
Export as new Build Order

ReaLiTy Protoss 

Build Orders: 1 Gate Expand, Blink Stalkers 

Get SALT Encoding   

  12  0:02  Probe  
  14  0:14  Probe  
  14  0:19  Pylon  
  14  0:26  Probe  
  15  0:38  Probe (Chrono Boost), Gateway  
  16  0:49  Probe (Chrono Boost)  
  17  0:51  Assimilator  
  17  0:53  Probe (Chrono Boost)  
  18  1:04  Probe  
  19  1:16  Probe  
  20  1:26  Cybernetics Core  
  21  1:38  Nexus  
  20  1:41  Probe  
  21  1:48  Pylon  
  21  1:53  Probe  
  22  1:58  Assimilator  
  22  2:04  Adept (Chrono Boost)  
  22  2:07  Warp Gate  
  24  2:09  Probe  
  25  2:21  Probe  
  26  2:26  Sentry  
  28  2:34  Probe  
  29  2:40  Gateway  
  29  2:46  Probe  
  29  2:47  Twilight Council  
  30  2:52  Probe  
  30  2:56  Stalker  
  33  2:59  Probe  
  33  3:13  Shield Battery  
  33  3:21  Blink (Chrono Boost)  
  33  3:22  Gateway  
  33  3:29  Stalker (Chrono Boost)  
  35  3:35  Probe  
  35  3:36  Probe  
  37  3:59  Stalker x2  
  41  4:03  Probe x2  
  41  4:09  Robotics Facility  
  43  4:15  Probe  
  44  4:21  Stalker  
  46  4:26  Pylon  
  44  4:32  Stalker  
  46  4:42  Pylon  
  46  4:43  Pylon  
  46  4:57  Gateway  
  46  4:59  Gateway  
  46  5:01  Gateway  
  46  5:03  Gateway  
  49  5:08  Stalker x2  
Show
View Real Time Build Order
Export as new Build Order

kirby Terran - Winner!

Build Orders: 1/1/1, Liberator Opening 

Get SALT Encoding   

  12  0:00  SCV  
  13  0:13  SCV  
  14  0:17  Supply Depot  
  14  0:25  SCV  
  14  0:27  Refinery  
  15  0:39  SCV  
  16  0:44  Barracks  
  16  0:51  SCV  
  16  0:56  Refinery  
  17  1:03  SCV  
  18  1:15  SCV  
  19  1:27  SCV  
  21  1:34  Marine  
  21  1:35  Factory  
  21  1:39  Supply Depot  
  21  1:52  Orbital Command  
  21  1:57  Barracks Reactor  
  21  2:18  SCV  
  21  2:20  Factory Tech Lab  
  21  2:21  Starport  
  22  2:30  SCV  
  22  2:32  Marine  
  22  2:33  Marine  
  25  2:39  Siege Tank  
  28  2:45  Supply Depot  
  28  2:47  SCV  
  28  2:50  Liberator  
  28  2:51  Marine  
  29  2:54  Marine  
  37  3:12  Siege Tank  
  37  3:17  Supply Depot  
  37  3:20  Marine  
  37  3:21  Marine  
  39  3:38  Marine  
  39  3:39  Supply Depot, Marine  
  41  3:45  Siege Tank  
  41  3:47  Liberator  
  44  4:02  SCV  
  45  4:03  Marine x2  
  50  4:10  Supply Depot  
  49  4:32  Bunker  
  49  4:34  Marine x2  
  49  4:35  Siege Tank  
  54  4:42  Bunker  
  54  4:52  Marine  
  53  4:59  Marine  
Tags
 
Add a new tag
Caveats
  • Supply blocks, unpowered buildings, or Contaminate may cause inaccurate times.
  • Supply counts are checked every 10 seconds.